[Event "Bremer Silvester Open 2018"]
[Site "Bremen"]
[Date "2018.12.29"]
[Round "4"]
[White "Schroeter, Baldur"]
[Black "Margraf, Daniel"]
[Result "0-1"]
[ECO "C22"]
[WhiteElo "2032"]
[BlackElo "2261"]
[Annotator "NA"]
[PlyCount "96"]
[EventDate "2018.12.27"]
[EventType "swiss"]
[EventCountry "GER"]
[SourceTitle "playchess.com"]
[Source "ChessBase"]
[SourceQuality "1"]
[TimeControl "40/5400+30:1800+30"]

1. e4 e5 2. d4 exd4 3. Qxd4 Nc6 4. Qe3 g6 5. Nc3 Bg7 6. Bd2 Nge7 7. O-O-O O-O 8. Kb1 d5 9. exd5 Nxd5 10. Nxd5 Qxd5 11. Qb3 Qf5 12. Nf3 Be6 13. Bc4 Na5 14. Bxe6 fxe6 15. Bxa5 Qxa5 16. h4 Kh8 17. Rhe1 Qc5 18. Ng5 Qxf2 19. Nxe6 Rae8 20. Qb4 Rf7 21. Nxg7 Rxe1 22. Qxe1 Kxg7 23. Qe5+ Qf6 24. Qxf6+ Kxf6 25. c3 Ke6 26. Re1+ Kd5 27. g4 c5 28. h5 g5 29. Re8 h6 30. Rh8 Rf6 31. Rh7 b6 32. Rxa7 Ke5 33. Rg7 b5 34. b3 b4 35. c4 Kd4 36. Kc2 Rf2+ 37. Kd1 Rxa2 38. Rf7 Rg2 39. Rf6 Rxg4 40. Rxh6 Kc3 41. Rc6 Kxb3 42. Rxc5 Kc3 43. h6 b3 44. h7 Rg1+ 45. Ke2 Rh1 46. Rxg5 Rxh7 47. Rb5 b2 48. c5 Kc2 0-1

[Event "Bremer Silvester Open 2018"]
[Site "Bremen"]
[Date "2018.12.29"]
[Round "4"]
[White "Buescher, Andre"]
[Black "Polster, Christian"]
[Result "1-0"]
[ECO "B06"]
[WhiteElo "2018"]
[BlackElo "2306"]
[Annotator "NA"]
[PlyCount "81"]
[EventDate "2018.12.27"]
[EventType "swiss"]
[EventCountry "GER"]
[SourceTitle "playchess.com"]
[Source "ChessBase"]
[SourceQuality "1"]
[TimeControl "40/5400+30:1800+30"]

1. e4 g6 2. d4 Bg7 3. Nc3 d6 4. Be3 a6 5. a4 Nd7 6. Nf3 Ngf6 7. h3 O-O 8. Qd2 b6 9. Bd3 Bb7 10. O-O c5 11. d5 Ne8 12. Bh6 Ne5 13. Nxe5 dxe5 14. Bxg7 Kxg7 15. Qg5 f6 16. Qe3 Nd6 17. Rad1 Qc7 18. Be2 Bc8 19. f4 Nf7 20. d6 exd6 21. Nd5 Qd8 22. f5 gxf5 23. exf5 Bb7 24. Qb3 Bxd5 25. Rxd5 Qc7 26. Rfd1 Qd7 27. Bh5 Qxf5 28. Bxf7 Rxf7 29. Rxd6 b5 30. Qd5 Qc8 31. Rc6 Qf8 32. axb5 axb5 33. Rxc5 Rd8 34. Qxd8 Qxc5+ 35. Kh2 Qxc2 36. Rd3 Qxb2 37. Rg3+ Kh6 38. Qg8 Qa2 39. Rg4 Kh5 40. Rh4+ Kxh4 41. Qg4# 1-0

[Event "Bremer Silvester Open 2018"]
[Site "Bremen"]
[Date "2018.12.29"]
[Round "5"]
[White "Grigorian, Spartak"]
[Black "Bart, Simon"]
[Result "1/2-1/2"]
[ECO "D31"]
[WhiteElo "2346"]
[BlackElo "2072"]
[Annotator "NA"]
[PlyCount "116"]
[EventDate "2018.12.27"]
[EventType "swiss"]
[EventCountry "GER"]
[SourceTitle "playchess.com"]
[Source "ChessBase"]
[SourceQuality "1"]
[TimeControl "40/5400+30:1800+30"]

1. d4 d5 2. c4 e6 3. Nc3 c6 4. e4 dxe4 5. Nxe4 Bb4+ 6. Nc3 c5 7. Nf3 Nf6 8. Be3 Nc6 9. dxc5 Qa5 10. Nd2 Bxc3 11. bxc3 Qxc3 12. Be2 O-O 13. O-O e5 14. Bg5 $11 Bf5 15. Qc1 Nd4 16. Bd1 Qb4 17. Nb3 Ne4 18. a3 Qxb3 19. Bxb3 Ne2+ 20. Kh1 Nxc1 21. Bxc1 Nxc5 22. Ba2 Rfd8 23. Be3 Rac8 24. h3 b6 25. Rfe1 Nd3 26. Re2 Be6 27. Rc2 f5 28. f3 Rd7 29. Rc3 e4 30. fxe4 fxe4 31. a4 Rdc7 32. a5 bxa5 33. c5 Bxa2 34. Rxa2 Nxc5 35. Rxa5 Nd3 36. Rca3 Nb4 37. R3a4 Rc4 38. Bxa7 Nc2 39. Rxc4 Rxc4 40. Kg1 Kf7 41. Kf1 Rc3 42. Re5 Rc7 43. Ra5 e3 44. Rc5 Rxa7 45. Rxc2 Ra3 46. Ke2 g5 47. Kf3 e2+ 48. Kxe2 Kg6 49. Rc6+ Kf5 50. Rc5+ Kg6 51. Re5 h5 52. Kf2 h4 53. Re3 Ra2+ 54. Kf3 Ra4 55. Re4 Ra3+ 56. Re3 Ra4 57. Re4 Ra3+ 58. Re3 Ra4 {[%emt 0:00:19] Ke4 [%clk 0:00:00]} 1/2-1/2

[Event "Bremer Silvester Open 2018"]
[Site "Bremen"]
[Date "2018.12.29"]
[Round "5"]
[White "Hoeffer, David"]
[Black "Lammers, Markus"]
[Result "1-0"]
[ECO "D29"]
[WhiteElo "2259"]
[BlackElo "2312"]
[Annotator "NA"]
[PlyCount "79"]
[EventDate "2018.12.27"]
[EventType "swiss"]
[EventCountry "GER"]
[SourceTitle "playchess.com"]
[Source "ChessBase"]
[SourceQuality "1"]
[TimeControl "40/5400+30:1800+30"]

1. d4 d5 2. Nf3 Nf6 3. c4 dxc4 4. e3 e6 5. Bxc4 c5 6. O-O a6 7. Bb3 b5 8. Nc3 Bb7 9. Qe2 Nbd7 10. Rd1 Qb8 11. d5 exd5 12. Nxd5 Nxd5 13. Bxd5 Bxd5 14. Rxd5 Be7 {[%emt 0:00:39] D29: Queen's Gambit Accepted: Classical main line: 7 Qe2 with early ...Nbd7} 15. e4 Nb6 (15... Qb7 16. Bg5 f6 17. Bf4 O-O 18. Rad1 Nb6 19. R5d2 Rad8 20. Rxd8 Rxd8 21. Rxd8+ Bxd8 22. e5 Qc6 23. Kf1 {½-½ (23) Postny,E (2618)-Nielsen,P (2681) Khanty-Mansiysk 2011}) 16. Re5 Qb7 17. Be3 $146 ({Predecessor:} 17. Bf4 O-O 18. Rh5 Rfe8 19. Re1 Rad8 20. Bg5 Bxg5 21. Rxg5 Nd5 22. Qc2 {0-1 (33) Cooper,L (2317)-Wells,P (2491) Bunratty 2013}) 17... f6 18. Rh5 Qxe4 19. Rh4 $11 Qe6 20. Qc2 Kf7 21. Re4 Qd7 22. Bxc5 Bxc5 23. Qxc5 Rhb8 24. Rae1 Kg8 25. Re7 Qd3 26. Qc7 Qg6 27. Nh4 Qg5 28. Nf3 Qg6 29. Qc6 Qf5 30. Nh4 Qg4 31. h3 Qc4 32. Rxg7+ Kxg7 33. Re7+ Qf7 34. Nf5+ Kf8 35. Rxf7+ Kxf7 36. Qc7+ Ke6 37. g4 Nc8 38. Qc6+ Ke5 39. Kg2 Kf4 40. Qxf6 1-0

[Event "Bremer Silvester Open 2018"]
[Site "Bremen"]
[Date "2018.12.29"]
[Round "5"]
[White "Dettmann, Steffen, Dr."]
[Black "Ditmas, Hugh"]
[Result "1-0"]
[ECO "A05"]
[WhiteElo "2201"]
[BlackElo "1978"]
[Annotator "NA"]
[PlyCount "85"]
[EventDate "2018.12.27"]
[EventType "swiss"]
[EventCountry "GER"]
[SourceTitle "playchess.com"]
[Source "ChessBase"]
[SourceQuality "1"]
[TimeControl "40/5400+30:1800+30"]

1. e4 c5 2. Nf3 Nc6 3. d3 g6 4. g3 Bg7 5. Bg2 d6 6. O-O Nf6 7. c3 O-O 8. Nbd2 Rb8 9. d4 cxd4 10. Nxd4 Nxd4 11. cxd4 b5 12. Nb3 Nd7 13. d5 Bb7 14. Nd4 a6 15. Be3 Rc8 16. Qd2 Ne5 17. b3 Ng4 18. Bf4 Qb6 19. Rad1 Bxd4 20. Qxd4 Qxd4 21. Rxd4 Rc2 22. Rd2 Rxd2 23. Bxd2 Rc8 24. Rc1 Ne5 25. Rxc8+ Bxc8 26. f4 Nd7 27. Kf2 Kf8 28. Bc3 Nc5 29. Ke3 e6 30. e5 Nb7 31. dxe6 fxe6 32. Bb4 Ke7 33. Kd4 Kd7 34. exd6 Nxd6 35. Ke5 Nf5 36. Bc5 Ke8 37. Kf6 a5 38. g4 Nh6 39. Bc6+ Bd7 40. Bxd7+ Kxd7 41. h3 Ng8+ 42. Kf7 Kc6 43. Bf8 1-0

[Event "Bremer Silvester Open 2018"]
[Site "Bremen"]
[Date "2018.12.29"]
[Round "5"]
[White "Steffens, Olaf"]
[Black "Pfreundt, Jakob"]
[Result "0-1"]
[ECO "B06"]
[WhiteElo "2185"]
[BlackElo "2373"]
[Annotator "NA"]
[PlyCount "64"]
[EventDate "2018.12.27"]
[EventType "swiss"]
[EventCountry "GER"]
[SourceTitle "playchess.com"]
[Source "ChessBase"]
[SourceQuality "1"]
[TimeControl "40/5400+30:1800+30"]

1. f4 g6 2. Nf3 Bg7 3. e4 d5 4. Nc3 dxe4 5. Nxe4 Nf6 6. Nxf6+ Bxf6 7. Bc4 c5 8. O-O Nc6 9. d3 Na5 10. Bb5+ Bd7 11. Bxd7+ Qxd7 12. Ne5 Qd5 13. Kh1 Nc6 14. Nxc6 Qxc6 15. Rb1 $15 Rc8 16. f5 Rg8 17. Qe2 h5 18. b4 c4 19. b5 cxd3 20. cxd3 Qc2 21. Bd2 Rd8 22. Qe1 gxf5 23. Rc1 Qxd3 24. Bb4 Qe4 25. Qxe4 fxe4 26. Rc7 e3 27. Kg1 Rg4 28. Bc5 e2 29. Re1 Rc4 30. Kf2 Rxc5 31. Rxc5 Bd4+ 32. Kxe2 Bxc5 0-1

[Event "Bremer Silvester Open 2018"]
[Site "Bremen"]
[Date "2018.12.29"]
[Round "5"]
[White "Ngo, Minh Duc"]
[Black "Wachinger, Nikolas"]
[Result "0-1"]
[ECO "A10"]
[WhiteElo "2155"]
[BlackElo "2306"]
[Annotator "NA"]
[PlyCount "76"]
[EventDate "2018.12.27"]
[EventType "swiss"]
[EventCountry "GER"]
[SourceTitle "playchess.com"]
[Source "ChessBase"]
[SourceQuality "1"]
[TimeControl "40/5400+30:1800+30"]

1. c4 b6 2. Nc3 Bb7 3. e4 e5 4. Nge2 Nc6 5. d3 Bc5 6. Be3 d6 7. Qd2 Nge7 8. g3 O-O 9. Bg2 f5 10. O-O-O Nd4 11. Bxd4 exd4 12. Nd5 fxe4 13. Bxe4 c6 14. Nxe7+ Qxe7 15. Nf4 a5 16. Qe2 Qf7 17. Rdf1 Rae8 18. Qf3 g5 19. Qg4 Re5 20. Nh5 Bc8 21. Qd1 Rxe4 22. dxe4 Qxc4+ 23. Kb1 Bh3 24. f4 Bxf1 25. Rxf1 d3 26. Rf3 d2 27. Qxd2 Qxe4+ 28. Qd3 Qe1+ 29. Kc2 g4 30. Rf1 Qe8 31. f5 Qxh5 32. Rf4 Qxh2+ 33. Kb3 Qh5 34. Qe4 Qf7+ 35. Kc2 d5 36. Qe5 Qf6 37. Rxg4+ Kh8 38. Rg8+ Kxg8 0-1

[Event "Bremer Silvester Open 2018"]
[Site "Bremen"]
[Date "2018.12.29"]
[Round "5"]
[White "Colbow, Collin"]
[Black "Villwock, Martin"]
[Result "1-0"]
[ECO "B32"]
[WhiteElo "2111"]
[BlackElo "2208"]
[Annotator "NA"]
[PlyCount "95"]
[EventDate "2018.12.27"]
[EventType "swiss"]
[EventCountry "GER"]
[SourceTitle "playchess.com"]
[Source "ChessBase"]
[SourceQuality "1"]
[TimeControl "40/5400+30:1800+30"]

1. e4 c5 2. Nf3 Nc6 3. d4 cxd4 4. Nxd4 e5 5. Nb5 d6 6. N1c3 a6 7. Na3 Be7 8. Be3 Nf6 9. Nc4 b5 10. Nb6 Rb8 11. Nbd5 Ng4 12. Be2 Nxe3 13. Nxe3 Bg5 14. Ncd5 O-O 15. O-O g6 16. Kh1 Kh8 17. c3 Bh6 18. Qc2 f5 19. exf5 gxf5 20. f4 Qe8 21. fxe5 Qxe5 22. Qd3 f4 23. Ng4 Bxg4 24. Bxg4 Qg5 25. Qh3 Ne5 26. Bf3 Rf7 27. a4 b4 28. cxb4 Nc4 29. Rac1 Ne3 30. Qe6 Nxf1 31. Qxf7 Ng3+ 32. hxg3 fxg3 33. Rc4 Rf8 34. Qe7 Qh5+ 35. Rh4 Rxf3 36. Kg1 Qxd5 37. gxf3 Qxf3 38. Qd8+ Bf8 39. Qb6 Be7 40. Rh3 Bg5 41. Qb8+ Kg7 42. Qc7+ Kg8 43. Qxh7+ Kf8 44. Qh8+ Ke7 45. Rh7+ Ke6 46. Qe8+ Kf5 47. Rf7+ Bf6 48. Rxf6+ 1-0

[Event "Bremer Silvester Open 2018"]
[Site "Bremen"]
[Date "2018.12.29"]
[Round "6"]
[White "Pfreundt, Jakob"]
[Black "Hoeffer, David"]
[Result "1-0"]
[ECO "E73"]
[WhiteElo "2373"]
[BlackElo "2259"]
[Annotator "NA"]
[PlyCount "43"]
[EventDate "2018.12.27"]
[EventType "swiss"]
[EventCountry "GER"]
[SourceTitle "playchess.com"]
[Source "ChessBase"]
[SourceQuality "1"]
[TimeControl "40/5400+30:1800+30"]

1. d4 Nf6 2. c4 g6 3. Nc3 Bg7 4. e4 d6 5. Be2 O-O 6. Be3 e5 7. d5 a5 8. g4 Nfd7 9. Nf3 Na6 10. Rg1 Kh8 11. Qd2 f5 12. gxf5 gxf5 13. exf5 Ndc5 14. Bg5 Bf6 15. Nh4 Nb4 16. Ng6+ hxg6 17. Bxf6+ Rxf6 18. Qh6+ Kg8 19. Rxg6+ Rxg6 20. Qxg6+ Kh8 21. Qh6+ Kg8 22. Kd2 1-0

[Event "Bremer Silvester Open 2018"]
[Site "Bremen"]
[Date "2018.12.29"]
[Round "6"]
[White "Lammers, Markus"]
[Black "Grigorian, Spartak"]
[Result "0-1"]
[ECO "E14"]
[WhiteElo "2312"]
[BlackElo "2346"]
[Annotator "NA"]
[PlyCount "44"]
[EventDate "2018.12.27"]
[EventType "swiss"]
[EventCountry "GER"]
[SourceTitle "playchess.com"]
[Source "ChessBase"]
[SourceQuality "1"]
[TimeControl "40/5400+30:1800+30"]

1. Nf3 d5 2. d4 Nf6 3. c4 e6 4. e3 b6 5. Nc3 Bd6 6. Bd3 Bb7 7. O-O O-O 8. cxd5 exd5 9. Ne5 c5 10. f4 Nc6 11. Kh1 cxd4 12. exd4 Nxd4 13. b3 Ne6 14. Nb5 Bb8 15. Bb2 d4 16. Nxd4 Nxf4 17. Rxf4 Bxe5 18. Nc6 Bxc6 19. Bxe5 Qd5 20. Qe2 Rae8 21. Rf5 Nd7 22. Rh5 g6 0-1

[Event "Bremer Silvester Open 2018"]
[Site "Bremen"]
[Date "2018.12.29"]
[Round "6"]
[White "Wachinger, Nikolas"]
[Black "Colbow, Collin"]
[Result "1-0"]
[ECO "C64"]
[WhiteElo "2306"]
[BlackElo "2111"]
[Annotator "NA"]
[PlyCount "63"]
[EventDate "2018.12.27"]
[EventType "swiss"]
[EventCountry "GER"]
[SourceTitle "playchess.com"]
[Source "ChessBase"]
[SourceQuality "1"]
[TimeControl "40/5400+30:1800+30"]

1. e4 e5 2. Nf3 Nc6 3. Bb5 Bc5 4. c3 f5 5. Bxc6 dxc6 6. Nxe5 Bd6 7. Qh5+ g6 8. Nxg6 Nf6 9. Qh4 Rg8 10. e5 Rxg6 11. exf6 Qd7 12. O-O Qf7 13. d4 Be6 14. f3 O-O-O 15. Bf4 Rdg8 16. Rf2 Bxf4 17. Qxf4 Qxf6 18. Nd2 h5 19. Nf1 h4 20. h3 R6g7 21. Re1 Re7 22. Rfe2 Rge8 23. b3 Bd7 24. Rxe7 Rxe7 25. Rxe7 Qxe7 26. Ne3 Qa3 27. Nxf5 Qxa2 28. Ne7+ Kd8 29. Qf6 Ke8 30. Ng6 Qa1+ 31. Kh2 Qa3 32. b4 1-0

[Event "Bremer Silvester Open 2018"]
[Site "Bremen"]
[Date "2018.12.29"]
[Round "6"]
[White "Bart, Simon"]
[Black "Schulz, Daniel"]
[Result "1/2-1/2"]
[ECO "C01"]
[WhiteElo "2072"]
[BlackElo "2069"]
[Annotator "NA"]
[PlyCount "145"]
[EventDate "2018.12.27"]
[EventType "swiss"]
[EventCountry "GER"]
[SourceTitle "playchess.com"]
[Source "ChessBase"]
[SourceQuality "1"]
[TimeControl "40/5400+30:1800+30"]

1. e4 e6 2. d4 d5 3. Bd3 dxe4 4. Bxe4 Nf6 5. Bf3 Nbd7 {[%emt 0:05:29] C01: French: Exchange Variation} 6. Ne2 (6. Nc3 Rb8 7. Nge2 Be7 8. O-O O-O 9. Bf4 Bd6 10. Re1 b5 11. a3 Bb7 12. Bxb7 Rxb7 13. Qd3 Bxf4 14. Nxf4 {0-1 (42) Fedorchuk,S (2648)-Duda,J (2717) Katowice 2017}) 6... Bd6 7. O-O O-O 8. c4 c6 9. Nbc3 Re8 10. Ng3 Qc7 $146 ({Predecessor:} 10... e5 11. d5 cxd5 12. Nxd5 e4 13. Be2 Nxd5 14. Qxd5 {1-0 (48) Ponkratov,P (2595)-Baraeva,M (2208) Cheliabinsk 2016}) 11. Re1 h6 12. Be3 Nf8 13. Rc1 Ng6 14. d5 Bd7 15. dxc6 Bxc6 16. Nb5 Bxb5 17. cxb5 Qe7 18. Ne4 Nxe4 19. Bxe4 Red8 20. Qc2 Ne5 21. g3 Ng4 22. Bc5 Nf6 23. Bxd6 Rxd6 24. Bf3 Nd5 25. Qc5 b6 26. Qa3 Qd7 27. Rc2 Rd8 28. Rec1 Qxb5 29. Qxa7 R6d7 30. Qa3 Nb4 31. Rc8 Qa5 32. Qxa5 bxa5 33. a3 Nd3 34. Rxd8+ Rxd8 35. Rd1 Rd7 36. Bc6 Rc7 37. Be4 Rc1 38. Rxc1 Nxc1 39. b4 axb4 40. axb4 Ne2+ 41. Kf1 Nc3 42. Bc6 Kf8 43. Ke1 Ke7 44. Kd2 Na2 45. b5 Kd6 46. f4 Nb4 47. Bf3 Kc5 48. Bh5 g6 49. Be2 Nd5 50. h4 Nc7 51. h5 gxh5 52. Bxh5 f6 53. Ke3 Nxb5 54. Bg6 Nd6 55. g4 Kd5 56. Bb1 Nc4+ 57. Kd3 Nb2+ 58. Ke3 Nd1+ 59. Kf3 Kd4 60. Bc2 Ne3 61. Bg6 e5 62. fxe5 fxe5 63. Bh7 Nd5 64. Kg3 Ke3 65. Bf5 Nf6 66. Bg6 Nd5 67. Bh7 Nf6 68. Bf5 Ng8 69. Bh7 Nf6 70. Bg6 e4 71. Kh4 Kf4 {[%emt 0:00:51] [#]} 72. Bxe4 $1 Nxg4 (72... Nxe4 $5 73. Kh5 $8 Ng5 74. Kxh6 Kxg4 $11) 73. Kh5 $11 1/2-1/2

[Event "Bremer Silvester Open 2018"]
[Site "Bremen"]
[Date "2018.12.29"]
[Round "6"]
[White "Pahl, Erik"]
[Black "Hedke, Fred"]
[Result "0-1"]
[ECO "C62"]
[WhiteElo "1984"]
[BlackElo "2243"]
[Annotator "NA"]
[PlyCount "58"]
[EventDate "2018.12.27"]
[EventType "swiss"]
[EventCountry "GER"]
[SourceTitle "playchess.com"]
[Source "ChessBase"]
[SourceQuality "1"]
[TimeControl "40/5400+30:1800+30"]

1. e4 e5 2. Nf3 Nc6 3. Bb5 d6 4. d4 exd4 5. Nxd4 Bd7 6. Bxc6 bxc6 7. Qf3 c5 8. Nf5 g6 9. Ne3 Bg7 10. O-O Nf6 11. Nd5 Nxd5 12. exd5 O-O 13. Nd2 Re8 14. c3 Qh4 15. h3 Bb5 16. c4 Bxc4 17. Nxc4 Qxc4 18. Bg5 Re5 19. Be3 Rf5 20. Qg3 Qxd5 21. Rfd1 Qe4 22. Qg4 Qc6 23. Rab1 a5 24. Rd2 Rb8 25. a3 Re5 26. Bf4 Re4 27. Qf3 Qe8 28. Be3 Rb3 29. Qd1 Qe6 0-1

[Event "Bremer Silvester Open 2018"]
[Site "Bremen"]
[Date "2018.12.29"]
[Round "6"]
[White "Wachinger, David"]
[Black "Polster, Christian"]
[Result "0-1"]
[ECO "A31"]
[WhiteElo "1976"]
[BlackElo "2306"]
[Annotator "NA"]
[PlyCount "84"]
[EventDate "2018.12.27"]
[EventType "swiss"]
[EventCountry "GER"]
[SourceTitle "playchess.com"]
[Source "ChessBase"]
[SourceQuality "1"]
[TimeControl "40/5400+30:1800+30"]

1. d4 Nf6 2. c4 c5 3. Nf3 cxd4 4. Nxd4 e5 5. Nb5 d5 6. cxd5 Bc5 7. g3 O-O 8. N5c3 e4 9. Bg2 Bf5 10. O-O Nbd7 11. Be3 Bxe3 12. fxe3 Bg6 13. Qd4 Re8 14. Nd2 Qe7 15. Nb5 Red8 16. Rac1 Qe5 17. Nc7 Rac8 18. d6 Qxd4 19. exd4 Nb6 20. Bh3 Rb8 21. e3 a6 22. Nc4 Nxc4 23. Rxc4 Rxd6 24. Rfc1 Kf8 25. b4 Bh5 26. Bf1 Bg4 27. b5 axb5 28. Nxb5 Ra6 29. R1c2 Nd5 30. Nc7 Nxe3 31. Nxa6 bxa6 32. h3 Nxc2 33. Rxc2 Be6 34. Bxa6 Ra8 35. Bb7 Ra3 36. Kh2 e3 37. d5 Bf5 38. Re2 Be4 39. Rb2 Rd3 40. Rb4 Rd2+ 41. Kg1 Rd1+ 42. Kh2 Rh1# 0-1

[Event "Bremer Silvester Open 2018"]
[Site "Bremen"]
[Date "2018.12.30"]
[Round "7"]
[White "Grigorian, Spartak"]
[Black "Hedke, Fred"]
[Result "1-0"]
[ECO "D77"]
[WhiteElo "2346"]
[BlackElo "2243"]
[Annotator "NA"]
[PlyCount "91"]
[EventDate "2018.12.27"]
[EventType "swiss"]
[EventCountry "GER"]
[SourceTitle "playchess.com"]
[Source "ChessBase"]
[SourceQuality "1"]
[TimeControl "40/5400+30:1800+30"]

1. d4 Nf6 2. c4 e6 3. g3 d5 4. Bg2 g6 5. Nf3 Bg7 6. O-O O-O 7. Nc3 b6 8. Ne5 Bb7 9. Bg5 h6 10. Bxf6 Bxf6 11. cxd5 exd5 12. f4 c6 13. e4 Na6 14. exd5 cxd5 15. Qb3 Nc7 16. a4 Rb8 17. Rfd1 Kg7 18. Nb5 a6 19. Nxc7 Qxc7 20. Rdc1 Qd6 21. Bh3 Bxe5 22. fxe5 Qd8 23. Rc3 b5 24. axb5 axb5 25. Rc5 b4 26. Qxb4 Ba6 27. Qd2 Qb6 28. Rxd5 Bc4 29. Rc5 Bb3 30. Rf1 Rbd8 31. Qc3 Bd5 32. Bg2 Be6 33. b4 Kg8 34. Rf6 Qa7 35. h4 Rd7 36. h5 Rfd8 37. hxg6 Rxd4 38. gxf7+ Bxf7 39. e6 Be8 40. Qe3 Qa1+ 41. Rf1 Rd1 42. Qxh6 Rxf1+ 43. Bxf1 Qd4+ 44. Kh2 Rd5 45. Rc8 Rd8 46. Qg5+ 1-0

[Event "Bremer Silvester Open 2018"]
[Site "Bremen"]
[Date "2018.12.30"]
[Round "7"]
[White "Polster, Christian"]
[Black "Bart, Simon"]
[Result "0-1"]
[ECO "B99"]
[WhiteElo "2306"]
[BlackElo "2072"]
[Annotator "NA"]
[PlyCount "88"]
[EventDate "2018.12.27"]
[EventType "swiss"]
[EventCountry "GER"]
[SourceTitle "playchess.com"]
[Source "ChessBase"]
[SourceQuality "1"]
[TimeControl "40/5400+30:1800+30"]

1. e4 c5 2. Nf3 d6 3. d4 cxd4 4. Nxd4 Nf6 5. Nc3 a6 6. Bg5 e6 7. f4 Be7 8. Qf3 Qc7 9. O-O-O Nbd7 10. f5 e5 11. Nde2 b5 12. Bxf6 Nxf6 13. Nd5 Nxd5 14. exd5 h5 15. Ng3 Bg5+ 16. Kb1 h4 17. Ne4 Bf6 18. Bd3 Bb7 19. Rc1 Ke7 20. c4 bxc4 21. Bxc4 Qa5 22. Rhg1 Rac8 23. Qd3 Rc7 24. g4 hxg3 25. hxg3 Rhc8 26. b3 Qb6 27. Rh1 Qd4 28. Qxd4 exd4 29. Rce1 Be5 30. Rh7 Rxc4 31. bxc4 Rxc4 32. Nf2 Kf6 33. Rh5 Rb4+ 34. Kc2 g6 35. Ne4+ Kg7 36. fxg6 fxg6 37. Rh3 Bxd5 38. g4 d3+ 39. Kxd3 Rd4+ 40. Kc2 Bxe4+ 41. Rxe4 Rxe4 42. Ra3 Rc4+ 43. Kd3 Rxg4 44. Rxa6 Rf4 {[%emt 0:00:29] Kd4 [%clk 0:00:00]} 0-1

[Event "Bremer Silvester Open 2018"]
[Site "Bremen"]
[Date "2018.12.30"]
[Round "7"]
[White "Hoeffer, David"]
[Black "Wachinger, Nikolas"]
[Result "0-1"]
[ECO "E05"]
[WhiteElo "2259"]
[BlackElo "2306"]
[Annotator "NA"]
[PlyCount "66"]
[EventDate "2018.12.27"]
[EventType "swiss"]
[EventCountry "GER"]
[SourceTitle "playchess.com"]
[Source "ChessBase"]
[SourceQuality "1"]
[TimeControl "40/5400+30:1800+30"]

1. d4 Nf6 2. Nf3 d5 3. c4 e6 4. g3 Be7 5. Bg2 O-O 6. O-O dxc4 7. Qc2 a6 8. a4 Bd7 9. Qxc4 Bc6 10. Bf4 Bd6 11. Ne5 Bxg2 12. Kxg2 Nd5 13. Nc3 Nxf4+ 14. gxf4 Qh4 15. e3 g5 16. Rg1 gxf4 17. Kf3+ Kh8 18. exf4 Nc6 19. Ne4 f6 20. Nd3 Rad8 21. Rg4 Qh6 22. Nec5 Bxc5 23. Nxc5 Nxd4+ 24. Kg2 Rg8 25. Rg3 Qxf4 26. Re1 Qf3+ 27. Kg1 Qc6 28. Qc3 e5 29. Ree3 Nf5 30. Ref3 Rd1+ 31. Kg2 Nh4+ 32. Kh3 Nxf3 33. Rxf3 b6 0-1

[Event "Bremer Silvester Open 2018"]
[Site "Bremen"]
[Date "2018.12.30"]
[Round "7"]
[White "Dettmann, Steffen"]
[Black "Colbow, Collin"]
[Result "1/2-1/2"]
[ECO "C48"]
[WhiteElo "2201"]
[BlackElo "2111"]
[Annotator "NA"]
[PlyCount "67"]
[EventDate "2018.12.27"]
[EventType "swiss"]
[EventCountry "GER"]
[SourceTitle "playchess.com"]
[Source "ChessBase"]
[SourceQuality "1"]
[TimeControl "40/5400+30:1800+30"]

1. e4 e5 2. Nf3 Nc6 3. Nc3 Nf6 4. Bb5 Nd4 5. Nxd4 exd4 6. e5 dxc3 7. exf6 Qxf6 8. dxc3 c6 9. Bd3 d5 10. O-O Bd6 11. Qh5 h6 12. Be3 O-O 13. Rfe1 Bd7 14. h4 Qe5 15. Qxe5 Bxe5 16. Bxh6 Bxc3 17. bxc3 gxh6 18. Re7 Rad8 19. Rae1 Rfe8 20. Rxe8+ Rxe8 21. Rxe8+ Bxe8 22. Kh2 f6 23. Kg3 Kg7 24. Kf4 c5 25. g4 b5 26. h5 a5 27. Bf5 Bf7 28. Ke3 b4 29. Kd2 d4 30. cxd4 cxd4 31. Kd3 Bxa2 32. Kxd4 b3 33. Kc3 bxc2 34. Kxc2 1/2-1/2

[Event "Bremer Silvester Open 2018"]
[Site "Bremen"]
[Date "2018.12.30"]
[Round "7"]
[White "Steffens, Olaf"]
[Black "Villwock, Martin"]
[Result "0-1"]
[ECO "A00"]
[WhiteElo "2185"]
[BlackElo "2208"]
[Annotator "NA"]
[PlyCount "129"]
[EventDate "2018.12.27"]
[EventType "swiss"]
[EventCountry "GER"]
[SourceTitle "playchess.com"]
[Source "ChessBase"]
[SourceQuality "1"]
[TimeControl "40/5400+30:1800+30"]

1. b4 b6 2. Bb2 Bb7 3. e3 e6 4. Nf3 Nf6 5. b5 d5 6. c4 Bd6 7. a4 a5 8. cxd5 Bxd5 9. Be2 O-O 10. d3 Nbd7 11. Nbd2 e5 12. e4 Bb7 13. O-O Qe7 14. Nc4 Rfe8 15. Rc1 Rac8 16. Rc2 Ng4 17. Qa1 f6 18. Nh4 Nh6 19. Bc1 f5 20. Qa2 Kh8 21. Nxf5 Nxf5 22. exf5 e4 23. Nxd6 cxd6 24. d4 e3 25. Bxe3 Qe4 26. Rc6 Bxc6 27. bxc6 Nf6 28. Bf3 Qxf5 29. d5 Ne4 30. Qc4 h5 31. Rd1 Ng5 32. Bxg5 Qxg5 33. h4 Qe5 34. Qa6 Qc3 35. Kh2 Qb4 36. g3 Rf8 37. Qd3 Rce8 38. Kg2 Re5 39. Rc1 Qxa4 40. c7 Qd7 41. Qg6 Rc8 42. Rc6 b5 43. Rxd6 Qxc7 44. Re6 Rf8 45. Be4 Rxe4 46. Qxh5+ Kg8 47. Rxe4 Qc5 48. Re2 a4 49. Qe5 a3 50. Qe6+ Kh8 51. h5 Rf6 52. Qe8+ Rf8 53. Qe5 Rf6 54. Qe8+ Rf8 55. Qe6 Rf6 56. Qe4 b4 57. Rc2 Qf8 58. Qg4 b3 59. Rc8 Rxf2+ 60. Kh3 a2 61. h6 a1=Q 62. hxg7+ Qaxg7 63. Rxf8+ Rxf8 64. d6 Qxg4+ 65. Kh2 0-1

[Event "Bremer Silvester Open 2018"]
[Site "Bremen"]
[Date "2018.12.30"]
[Round "7"]
[White "Schulz, Daniel"]
[Black "Zahn, Richard"]
[Result "1-0"]
[ECO "A90"]
[WhiteElo "2069"]
[BlackElo "2067"]
[Annotator "NA"]
[PlyCount "105"]
[EventDate "2018.12.27"]
[EventType "swiss"]
[EventCountry "GER"]
[SourceTitle "playchess.com"]
[Source "ChessBase"]
[SourceQuality "1"]
[TimeControl "40/5400+30:1800+30"]

1. d4 e6 2. c4 d5 3. Nf3 c6 4. g3 Bd6 5. Bg2 f5 6. O-O Nf6 7. Nc3 O-O 8. Qc2 Qe7 9. Rb1 Nbd7 10. a3 Ne4 11. b4 a6 12. Qb3 Ndf6 13. a4 Bd7 14. Ne5 Be8 15. f3 Nxc3 16. Qxc3 Nd7 17. Be3 Qf6 18. Nd3 Qe7 19. Rfc1 Bf7 20. Ne5 Be8 21. Nd3 Nf6 22. Ne5 Nd7 23. Kh1 Qf6 24. Nd3 Qe7 25. b5 axb5 26. axb5 Nf6 27. c5 Bb8 28. bxc6 bxc6 29. Bf4 Bxf4 30. Nxf4 g5 31. Nd3 Nh5 32. Ne5 f4 33. g4 Nf6 34. Rb6 Qc7 35. Rcb1 Ra7 36. e3 Kh8 37. Bf1 Ng8 38. Kg2 Ne7 39. Bd3 Nc8 40. R6b2 fxe3 41. Qe1 Qg7 42. Qxe3 Ne7 43. h4 gxh4 44. Rh1 Ra3 45. Qf2 Nf5 46. Bxf5 exf5 47. Rxh4 fxg4 48. Rxg4 Qf6 49. Qh4 Rxf3 50. Nxf3 Qxf3+ 51. Kh2 Bd7 52. Rg3 Qf1 53. Qg5 1-0